 Dungeon Crawl Stone Soup version 0.20-a0-920-gb18bc0f (webtiles) character file.

952 Goblin1989 the Cruncher (level 8, -7/44 HPs)
             Began as a Kobold Gladiator on Mar 26, 2017.
             Mangled by an ice beast (13 damage)
             ... on level 6 of the Dungeon.
             The game lasted 00:17:39 (6881 turns).

Goblin1989 the Cruncher (Kobold Gladiator)          Turns: 6881, Time: 00:17:40

Health: -7/44      AC:  5    Str: 13    XL:     8   Next: 36%
Magic:  8/8        EV: 16    Int: 10    God:
Gold:   42         SH:  3    Dex: 16    Spells: 7/7 levels left

rFire    + + .     SeeInvis .   a - +1 quarterstaff
rCold    . . .     Gourm    .   (shield currently unavailable)
rNeg     + + +     Faith    .   C - +1 leather armour of the Doge {rF++ rN+++ Slay-3 Stlth-} (curse)
rPois    .         Spirit   .   c - +0 helmet
rElec    .         Reflect  +   (no cloak)
rCorr    .         Harm     .   (no gloves)
MR       .....                  (no boots)
Stlth    ..........             j - +3 amulet of reflection
Regen    0.2/turn               (no ring)
MPRegen  0.2/turn               (no ring)

@: no status effects
A: carnivore 3
a: no special abilities


You were on level 6 of the Dungeon.
You were completely stuffed.

You visited 1 branch of the dungeon, and saw 6 of its levels.
You also visited: Sewer and Ossuary.

You collected 224 gold pieces.
You spent 182 gold pieces at shops.

Inventory:

Hand Weapons
 a - a +1 quarterstaff (weapon)
 z - a +2 rapier of protection
Missiles
 n - 175 stones
 r - 47 sling bullets
 Z - 2 throwing nets (quivered) {!d, =f}
Armour
 c - a +0 helmet (worn)
 C - the cursed +1 leather armour of the Doge (worn) {rF++ rN+++ Slay-3 Stlth-}
   (You bought it in a shop on level 5 of the Dungeon)

   It affects your accuracy and damage with ranged weapons and melee attacks
   (-3).
   It greatly protects you from fire.
   It renders you almost immune to negative energy.
   It makes you less stealthy.
   It has a curse placed upon it.
Jewellery
 j - a +3 amulet of reflection (around neck)
Scrolls
 k - 5 scrolls of teleportation {unknown}
 m - 2 scrolls of remove curse {@r2}
 o - a scroll of recharging {unknown}
 q - a scroll of vulnerability {unknown}
 t - a scroll of blinking {unknown}
 u - a scroll of brand weapon {unknown}
 v - a scroll of silence {unknown}
 x - a scroll of immolation {unknown}
 y - a scroll of fear {unknown}
 A - 2 scrolls of fog {unknown}
 B - a scroll of noise {unknown}
 R - a scroll of identify {@r1}
Potions
 d - 5 potions of curing {@q1}
 e - 4 potions of brilliance
 g - 2 potions of heal wounds {@q2, !q}
 h - a potion of lignification
 i - a potion of ambrosia
 l - 2 potions of mutation
 p - 4 potions of haste {@q3, !q}
 s - 4 potions of magic
 w - a potion of berserk rage {unknown}
Comestibles
 b - a royal jelly
 f - 2 meat rations {@e2}


   Skills:
 - Level 2.1 Fighting
 + Level 8.8 Staves
 - Level 2.1 Throwing
 - Level 3.6 Dodging


You had 7 spell levels left.
You didn't know any spells.

Dungeon Overview and Level Annotations

Branches:
Dungeon (6/15)
 Temple: D:4-7

Altars:
Ashenzari
Nemelex Xobeh
Ru
Trog
Vehumet

Shops:
D:5 [

Annotations:
D:3 Goblin1989's ghost, amateur KoGl


Innate Abilities, Weirdness & Mutations

You are small and have problems with some larger weapons.
You are carnivorous and can eat meat at any time.


Message History

The ice beast hits you. The ice beast freezes you!
You take 16 damage, and have 28/44 hp.
MASSIVE DAMAGE!!
You hit the ice beast but do no damage.
The ice beast is moderately wounded.
The ice beast misses you.
You barely miss the ice beast.
The ice beast is moderately wounded.
The ice beast hits you but does no damage.
You barely miss the ice beast.
The ice beast is moderately wounded.
The ice beast barely misses you.
You hit the ice beast but do no damage.
The ice beast is moderately wounded.
The ice beast hits you. The ice beast freezes you!
* * * LOW HITPOINT WARNING * * *
You are too injured to fight recklessly!
You take 15 damage, and have 13/44 hp.
MASSIVE DAMAGE!!
You are too injured to fight recklessly!
You are too injured to fight recklessly!
You are too injured to fight recklessly!
You are too injured to fight recklessly!
You are too injured to fight recklessly!
You are too injured to fight recklessly!
You are too injured to fight recklessly!
You are too injured to fight recklessly!
You are too injured to fight recklessly!
You are too injured to fight recklessly!
You are too injured to fight recklessly!
You are too injured to fight recklessly!
You are too injured to fight recklessly!
You are too injured to fight recklessly!
You are too injured to fight recklessly!
You are too injured to fight recklessly!
You are too injured to fight recklessly!
You are too injured to fight recklessly!
You are too injured to fight recklessly!
You are too injured to fight recklessly!
You are too injured to fight recklessly!
You are too injured to fight recklessly!
You hit the ice beast but do no damage.
The ice beast is lightly wounded.
The ice beast hits you but does no damage.
You hit the ice beast but do no damage.
The ice beast is lightly wounded.
The ice beast hits you but does no damage.
You hit the ice beast but do no damage.
The ice beast is lightly wounded.
You barely miss the ice beast.
The ice beast is lightly wounded.
The ice beast completely misses you.
You hit the ice beast.
The ice beast is moderately wounded.
The ice beast misses you.
You barely miss the ice beast.
The ice beast is moderately wounded.
The ice beast hits you but does no damage.
You hit the ice beast.
The ice beast is heavily wounded.
You block the ice beast's attack.
You hit the ice beast but do no damage.
The ice beast is heavily wounded.
The ice beast closely misses you.
You hit the ice beast but do no damage.
The ice beast is heavily wounded.
You hit the ice beast but do no damage.
The ice beast is heavily wounded.
The ice beast hits you.
* * * LOW HITPOINT WARNING * * *
The ice beast freezes you.
* * * LOW HITPOINT WARNING * * *
You take 8 damage, and have 6/44 hp.
You barely miss the ice beast.
The ice beast is heavily wounded.
The ice beast misses you.
You hit the ice beast.
The ice beast is heavily wounded.
The ice beast barely misses you.
You hit the ice beast but do no damage.
The ice beast is heavily wounded.
You block the ice beast's attack.
You closely miss the ice beast.
The ice beast is heavily wounded.
The ice beast closely misses you.
You hit the ice beast but do no damage.
The ice beast is heavily wounded.
The ice beast barely misses you.
You hit the ice beast but do no damage.
The ice beast is heavily wounded.
You block the ice beast's attack.
You barely miss the ice beast.
The ice beast is heavily wounded.
You hit the ice beast but do no damage.
The ice beast is heavily wounded.
The ice beast misses you.
You hit the ice beast.
The ice beast is heavily wounded.
The ice beast hits you.
* * * LOW HITPOINT WARNING * * *
The ice beast freezes you!
You die... ███████████

█.........█
██.........█
...........
█.........█
█.........█
███..Y>.....█
███....@████████
........▲.......
███.....█....█
██.....█....█
.............███
█████████......█
█.....██ █..<..█
█........█


You could see an ice beast.

Vanquished Creatures
  Sigmund (D:5)
  Edmund (D:5)
  A phantom (D:5)
  An ogre (D:5)
  Blork the orc (D:5)
  A howler monkey (D:5)
  A jelly (D:5)
  A crimson imp (D:6)
  3 orc wizards
  Ijyb (D:4)
  Natasha (D:3)
  2 mummies (Ossuary)
  4 gnolls (D:3)
  A river rat (D:5)
  7 adders
  A howler monkey skeleton (D:4)
  An ooze (D:2)
  A dart slug (D:1)
  6 leopard geckos
  7 orcs
  7 ball pythons
  4 bats
  7 giant cockroaches
  4 goblins
  2 hobgoblins (D:2)
  5 jackals (Sewer)
  4 frilled lizards
  4 gnoll skeletons (Ossuary)
  2 gnoll zombies (Ossuary)
  2 goblin skeletons (Ossuary)
  3 goblin zombies
  3 hobgoblin skeletons (Ossuary)
  10 kobolds
  2 kobold skeletons (Ossuary)
  2 kobold zombies (Ossuary)
  2 orc skeletons (Ossuary)
  An orc zombie (Ossuary)
  A quokka zombie (D:4)
  5 rats
  3 rat zombies (Ossuary)
  A plant (Sewer)
117 creatures vanquished.

Vanquished Creatures (others)
  Menkaure (Ossuary)
  A mummy (Ossuary)
  A gnoll skeleton (Ossuary)
  2 gnoll zombies (Ossuary)
  A goblin (D:3)
  A goblin skeleton (Ossuary)
  5 goblin zombies (Ossuary)
  2 hobgoblin skeletons (Ossuary)
  2 kobold skeletons (Ossuary)
  3 kobold zombies (Ossuary)
  2 orc skeletons (Ossuary)
  An orc zombie (Ossuary)
  A rat (D:3)
  4 rat skeletons (Ossuary)
  4 rat zombies (Ossuary)
  A plant (Sewer)
32 creatures vanquished.

Grand Total: 149 creatures vanquished

Notes
Turn   | Place    | Note
-------+----------+-------------------------------------------
     0 | D:1      | Goblin1989 the Kobold Gladiator began the quest for the Orb.
     0 | D:1      | Reached XP level 1. HP: 12/12 MP: 1/1
   188 | D:1      | Reached skill level 3 in Staves
   210 | D:1      | Reached XP level 2. HP: 16/17 MP: 2/2
   794 | D:2      | Reached XP level 3. HP: 21/21 MP: 3/3
  1459 | D:2      | Found a sparkling altar of Nemelex Xobeh.
  1540 | D:2      | Found a radiant altar of Vehumet.
  1540 | D:2      | Found a sacrificial altar of Ru.
  1574 | D:3      | Noticed Natasha
  1609 | D:3      | Noticed Goblin1989's ghost (amateur KoGl)
  1717 | D:3      | Reached skill level 4 in Staves
  1769 | D:4      | Found a bloodstained altar of Trog.
  1797 | D:4      | Found a sand-covered staircase.
  1808 | D:4      | Reached XP level 4. HP: 26/26 MP: 4/4
  1820 | Ossuary  | Entered an ossuary
  2025 | Ossuary  | Killed Menkaure
  2788 | D:4      | Reached XP level 5. HP: 28/30 MP: 5/5
  2965 | D:4      | Noticed Ijyb
  2988 | D:4      | Killed Ijyb
  2988 | D:4      | Reached skill level 5 in Staves
  3303 | D:3      | Killed Natasha
  3303 | D:3      | Reached XP level 6. HP: 19/35 MP: 6/6
  3611 | D:3      | Reached skill level 6 in Staves
  3808 | D:5      | Entered Level 5 of the Dungeon
  3821 | D:5      | Noticed Blork the orc
  3842 | D:5      | Killed Blork the orc
  3851 | D:5      | Noticed Sigmund
  3861 | D:5      | Found a shattered altar of Ashenzari.
  3890 | D:5      | Killed Sigmund
  3890 | D:5      | Reached skill level 7 in Staves
  3890 | D:5      | Reached XP level 7. HP: 28/40 MP: 7/7
  3994 | D:5      | Found a glowing drain.
  3998 | Sewer    | Entered a sewer
  4909 | D:5      | Noticed Edmund
  4937 | D:5      | Killed Edmund
  5258 | D:5      | Reached skill level 8 in Staves
  5315 | D:5      | Reached XP level 8. HP: 44/44 MP: 8/8
  5740 | D:5      | HP: 2/44 [phantom (5)]
  6344 | D:5      | Found Uduqup's Antique Armour Boutique.
  6350 | D:5      | Bought a twisted leather armour for 182 gold pieces
  6360 | D:5      | Identified the cursed +1 leather armour of the Doge {rF++ rN+++ Slay-3 Stlth-} (You bought it in a shop on level 5 of the Dungeon)
  6881 | D:6      | Mangled by an ice beast

Vault maps used:
D:1:      minmay_arrival_wavy_path
D:2:      gammafunk_temple_overflow_elements, first_bread,
          nemelex_dance_club_becter
D:3:      hex_tiny, uniq_natasha
D:4:      lemuel_crystal_altar, enter_ossuary_4, minmay_curled_crystal,
          minivault_25, uniq_iyjb
D:5:      nicolae_overflow_crystal_walls, serial_co_window_serial,
          co_window_paths_a, co_window_paths_a, co_window_cross_1,
          co_window_of_opportunity_a, co_window_of_opportunity_a,
          co_window_paths_c, co_window_unsneaky_path_d,
          co_window_of_opportunity_b, co_window_broadway_b, co_window_2corner,
          co_window_of_opportunity_c, co_window_4corner_b, glass_columns_b,
          glass_columns_a, gup_sewer_entry_spiral, serial_shops,
          nicolae_shop_overgrown_old_shop, minmay_misc_feat_encased,
          uniq_sigmund, uniq_blork_the_orc, uniq_edmund
D:6:      grunt_gozag_breadcrumbs, minmay_temple_entry_hall, serial_shops, shop
Sewer:    sewer_co_scattered_pipes
Ossuary:  ossuary_due_pyramid

Skill      XL: |  1  2  3  4  5  6  7 |
---------------+----------------------+-----
Staves         | 3 4 5 7 8 |  8.8
Fighting       | |  2.1
Throwing       | |  2.1
Dodging        | |  3.6

Action                   |  1- 3 |  4- 6 |  7- 9 || total
-------------------------+-------+-------+-------++-------
Melee: Quarterstaff      |    78 |   172 |   233 ||   483
Throw: Throwing net      |       |       |     1 ||     1
  Use: Scroll            |     6 |     1 |     2 ||     9
       Potion            |       |     9 |     1 ||    10
 Stab: Sleeping          |     5 |       |       ||     5
       Invisible         |       |     4 |       ||     4
       Held in net/web   |       |       |     3 ||     3
  Eat: Chunk             |    11 |     7 |    10 ||    28
Armor: Leather armour    |    18 |    19 |    20 ||    57
Dodge: Dodged            |    67 |   132 |   114 ||   313
Block: Other             |       |       |     4 ||     4

Vault maps used:
D:1:      minmay_arrival_wavy_path
D:2:      gammafunk_temple_overflow_elements, first_bread,
          nemelex_dance_club_becter
D:3:      hex_tiny, uniq_natasha
D:4:      lemuel_crystal_altar, enter_ossuary_4, minmay_curled_crystal,
          minivault_25, uniq_iyjb
D:5:      nicolae_overflow_crystal_walls, serial_co_window_serial,
          co_window_paths_a, co_window_paths_a, co_window_cross_1,
          co_window_of_opportunity_a, co_window_of_opportunity_a,
          co_window_paths_c, co_window_unsneaky_path_d,
          co_window_of_opportunity_b, co_window_broadway_b, co_window_2corner,
          co_window_of_opportunity_c, co_window_4corner_b, glass_columns_b,
          glass_columns_a, gup_sewer_entry_spiral, serial_shops,
          nicolae_shop_overgrown_old_shop, minmay_misc_feat_encased,
          uniq_sigmund, uniq_blork_the_orc, uniq_edmund
D:6:      grunt_gozag_breadcrumbs, minmay_temple_entry_hall, serial_shops, shop
Sewer:    sewer_co_scattered_pipes
Ossuary:  ossuary_due_pyramid
